 Dungeon Crawl Stone Soup version 0.17.2-1-ge4368a0 (webtiles) character file.

387 Goblin1989 the Ducker (level 6, -1/30 HPs)
             Began as a Spriggan Gladiator on Aug 31, 2016.
             Slain by a giant frog (4 damage)
             ... on level 7 of the Dungeon.
             The game lasted 00:20:03 (2220 turns).

Goblin1989 the Ducker (Spriggan Gladiator)          Turns: 2220, Time: 00:20:03

Health: -1/30      AC:  2    Str: 11    XL:     6   Next: 49%
Magic:  0/7        EV: 23    Int:  9    God:
Gold:   175        SH:  0    Dex: 19    Spells: 0 memorised, 5 levels left

rFire  . . .     SeeInvis +     a - +0 rapier
rCold  . . .     Clarity  .     b - +0 robe
rNeg   . . .     SustAt   .     (shield restricted)
rPois  .         Gourm    .     c - +0 hat
rElec  .         Spirit   +     (no cloak)
rCorr  .         Warding  .     (gloves unavailable)
rMut   .         Stasis   .     (boots unavailable)
MR     +....                    h - amulet of guardian spirit
Stlth  +++.......               (no ring)
                                (no ring)

@: very quick, somewhat resistant to hostile enchantments, fairly stealthy
A: unfitting armour, see invisible, herbivore 3, speed 3, slow metabolism 2
a: no special abilities


You were on level 7 of the Dungeon.
You were not hungry.

You visited 2 branches of the dungeon, and saw 8 of its levels.

You collected 175 gold pieces.

Inventory:

Hand Weapons
 a - a +0 rapier (weapon)
Missiles
 d - 3 throwing nets (quivered)
Armour
 b - a +0 robe (worn)
 c - a +0 hat (worn)
Jewellery
 h - an amulet of guardian spirit (around neck)
Scrolls
 f - a scroll of teleportation
 g - 5 scrolls of identify
 j - 2 scrolls of remove curse
Potions
 k - 2 potions of brilliance {unknown}
Comestibles
 e - 5 bread rations
 i - a fruit


   Skills:
 - Level 1.5 Fighting
 * Level 5.8 Short Blades
 - Level 2.2 Throwing
 * Level 7.2 Dodging
 + Level 4.1 Stealth


You had 5 spell levels left.
You didn't know any spells.

Dungeon Overview and Level Annotations

Branches:
Dungeon (7/15)             Temple (1/1) D:5

Altars:
Elyvilon
Fedhas
Nemelex Xobeh
Qazlal
Ru
Vehumet
Xom
Yredelemnul
Zin
The Shining One

Annotations:
D:4 DsMo's ghost, amateur DsMo
D:6 pedritolo's ghost, novice SpEn


Innate Abilities, Weirdness & Mutations

You are tiny and cannot use many weapons and most armour.
You have supernaturally acute eyesight.
You are a herbivore.
You cover ground extremely quickly.
You need consume almost no food.


Message History

* * * LOW HITPOINT WARNING * * *
You take 7 damage, and have 3/30 hp.
MASSIVE DAMAGE!!
You now have 2/7 mp.
You hit the giant frog.
The giant frog is severely wounded.
The giant frog barely misses you.
You barely miss the giant frog.
The giant frog is severely wounded.
The giant frog closely misses you. The giant frog barely misses you.
You barely miss the giant frog.
The giant frog is severely wounded.
The giant frog closely misses you.
You miss the giant frog.
The giant frog is severely wounded.
The giant frog completely misses you.
You barely miss the giant frog.
The giant frog is severely wounded.
The giant frog completely misses you. The giant frog hits you.
You die...

#.###..# #.#
#..#.# .... #.#
#..#.# .... #.#
####.# ..... #.#
#.# ..... #.#
#.#...... #.#
#.#.... #.#
##...##...
##.#####F@...(...
#.......>........
##########.###...
.# # #. .. .. ...


You could see a giant frog.

Vanquished Creatures
  A sky beast (D:5)
  A centaur (D:5)
  A scorpion (D:5)
  A centaur zombie (D:6)
  A hound zombie (D:6)
  3 adders (D:2)
  4 gnolls (D:4)
  3 worms
  2 giant geckos
  8 bats
  5 hobgoblins
  3 kobolds
  2 giant cockroaches
  3 giant newts
  9 goblins
  6 rats
53 creatures vanquished.

Notes
Turn   | Place    | Note
--------------------------------------------------------------
     0 | D:1      | Goblin1989 the Spriggan Gladiator began the quest for the Orb.
     0 | D:1      | Reached XP level 1. HP: 10/10 MP: 2/2
   219 | D:1      | Reached XP level 2. HP: 11/14 MP: 3/3
   220 | D:1      | Reached skill level 1 in Stealth
   441 | D:4      | Noticed DsMo's ghost (amateur DsMo)
   705 | D:2      | Reached XP level 3. HP: 16/18 MP: 4/4
   872 | D:2      | Reached skill level 5 in Dodging
  1160 | D:3      | Reached XP level 4. HP: 22/22 MP: 5/5
  1547 | D:5      | Entered Level 5 of the Dungeon
  1547 | D:5      | Found a staircase to the Ecumenical Temple.
  1568 | D:5      | Noticed a centaur
  1590 | Temple   | Entered the Ecumenical Temple
  1766 | D:5      | Killed a centaur
  1766 | D:5      | Reached skill level 5 in Short Blades
  1766 | D:5      | Reached skill level 6 in Dodging
  1766 | D:5      | Reached XP level 5. HP: 13/25 MP: 4/6
  1768 | D:5      | Noticed a sky beast
  1780 | D:5      | Killed a sky beast
  1780 | D:5      | Reached XP level 6. HP: 16/30 MP: 5/7
  1796 | D:5      | Noticed a phantom
  1846 | D:5      | Reached skill level 7 in Dodging
  2143 | D:6      | Noticed pedritolo's ghost (novice SpEn)
  2220 | D:7      | Slain by a giant frog

Action                   |  1- 3 |  4- 6 || total
-------------------------+-------+-------++-------
Melee: Rapier            |   107 |   124 ||   231
  Use: Scroll            |     4 |     3 ||     7
       Potion            |       |     2 ||     2
 Stab: Sleeping          |     6 |     2 ||     8
       Distracted        |     1 |       ||     1
